 Dungeon Crawl Stone Soup version 0.18.1-48-g4cf74bf (webtiles) character file.

613 tyranidshit the Skirmisher (level 7, -2/67 HPs)
             Began as a Deep Dwarf Necromancer on July 12, 2016.
             Was an Initiate of Makhleb.
             Killed from afar by Blork the orc (12 damage)
             ... with a puff of flame
             ... on level 5 of the Dungeon.
             The game lasted 00:22:48 (3331 turns).

tyranidshit the Skirmisher (Deep Dwarf Necromancer) Turns: 3331, Time: 00:22:49

Health: -2/67      AC:  2    Str: 10 (11) XL:     7   Next: 20%
Magic:  0/13       EV: 12    Int: 18      God:    Makhleb [......]
Gold:   125        SH:  0    Dex: 12 (13) Spells: 2 memorised, 11 levels left

rFire  x . .     SeeInvis .     m - +1 flail
rCold  + . .     Gourm    .     a - +0 robe
rNeg   . . .     Faith    .     (no shield)
rPois  +         Spirit   .     (no helmet)
rElec  .         Dismiss  .     (no cloak)
rCorr  .         Reflect  .     (no gloves)
SustAt .         Harm     .     (no boots)
MR     +....                    (no amulet)
Stlth  ++........               (no ring)
                                w - ring of ice

@: very slightly contaminated, non-regenerating, somewhat resistant to hostile
enchantments, unstealthy
A: damage resistance, recharge devices, sense surroundings 1, poison resistance,
screaming 1, slow regeneration 3, wild magic 1
a: Device Recharging, Renounce Religion


You were on level 5 of the Dungeon.
You worshipped Makhleb.
Makhleb was noncommittal.
You were not hungry.

You visited 2 branches of the dungeon, and saw 6 of its levels.

You collected 125 gold pieces.

Inventory:

Hand Weapons
 f - a +0 short sword
 m - a +1 flail (weapon)
 q - a +2 antimagic hand axe
Missiles
 s - 6 poisoned needles
Armour
 a - a +0 robe (worn)
 g - a +0 robe
 i - a +0 ring mail
 n - a +0 ring mail of positive energy
Jewellery
 w - a ring of ice (left hand)
Wands
 c - a wand of heal wounds (2/9)
 d - a wand of iceblast (0/15)
 k - a wand of confusion (16/48)
Scrolls
 h - 4 scrolls of remove curse
 t - 2 scrolls of identify
Potions
 e - a potion of agility
 o - a potion of might
 p - a potion of flight
Books
 b - a book of Necromancy

   Spells                             Type                      Level
   a - Pain                           Necromancy                   1
   b - Animate Skeleton               Necromancy                   1
   c - Vampiric Draining              Necromancy                   3
   d - Regeneration                   Charms/Necromancy            3
   e - Animate Dead                   Necromancy                   4
   f - Control Undead                 Necromancy                   4
Comestibles
 j - 4 bread rations
 l - 2 meat rations
 r - 8 fruits
 v - 2 slices of pizza
 x - 2 beef jerkies


   Skills:
 + Level 5.0 Fighting
 - Level 2.1 Dodging
 - Level 2.4 Stealth
 + Level 4.7 Spellcasting
 - Level 4.3 Necromancy


You had 11 spell levels left.
You knew the following spells:

 Your Spells              Type           Power        Failure   Level  Hunger
a - Pain                  Necr           ####         3%          1    None
b - Vampiric Draining     Necr           ####......   14%         3    ###....


Dungeon Overview and Level Annotations

Branches:
Dungeon (5/15)             Temple (1/1) D:4

Altars:
Ashenzari
Cheibriados
Elyvilon
Fedhas
Gozag
Kikubaaqudgha
Makhleb
Nemelex Xobeh
Okawaru
Ru
Vehumet
Yredelemnul
Zin

Shops:
D:5 (

Annotations:
D:4 nikopol's ghost, novice MiBe
D:5 Blork the orc


Innate Abilities, Weirdness & Mutations

You are resistant to damage.
You can recharge devices by infusing magical energy.
You passively map a small area around you.
You do not regenerate naturally.
Your system is resistant to poisons.
You occasionally shout uncontrollably at your foes.
Your spells are a little harder to cast, but a little more powerful.


Message History

Confirm with . or Enter, or press ? or * to list all spells.
Aiming: Pain
Press: ? - help, Shift-Dir - straight line, f/p - Blork the orc
Aim: Blork the orc, wielding a trident of flaming and wearing a robe (severely wounded, fast, chance to defeat MR: 84%) Blork the orc convulses in agony!
Blork the orc hits you but does no damage.
Blork the orc casts a spell.
Blork the orc flickers and vanishes!
Deactivating autopickup; reactivate with Ctrl-A.
Something hits you but does no damage. Something hits you!
* * * LOW HITPOINT WARNING * * *
Something burns you. Something hits you.
* * * LOW HITPOINT WARNING * * *
Something burns you.
* * * LOW HITPOINT WARNING * * *
You hear some strange, mumbled words.
A puff of flame appears from out of thin air!
The puff of flame hits you! The fire burns you terribly!
You die...

, , ......$.# ,* ,
........# , , , ####.....#
, , ...'.....# , ##+##
,,#.....# , ....+ , ,
#.....# ,, ....# ,#.....# ,
, ....#, #., #.....# ,
....# , #.. #.@...# ,,,, ,
....# #...#.....#######** ,
....# #...#............ ,
....#.....#...'..∩..).)....
,
....#.....#...#............
....#.....#####....).......
.<..#.....#...+............
....#.....#...#.....#######
....#.....#...##'####...


There were no monsters in sight!

Vanquished Creatures
  A scorpion (D:5)
  2 crimson imps
  2 centaur skeletons (D:4)
  2 orc priests
  3 hounds
  An iguana (D:4)
  A worker ant (D:4)
  7 gnolls
  7 adders
  An ooze (D:3)
  A worm (D:2)
  A dart slug (D:3)
  3 giant geckos
  9 orcs
  4 giant cockroaches
  11 hobgoblins
  5 jackals
  9 kobolds
  3 quokkas
  2 ball pythons (D:3)
  8 bats
  4 giant newts
  5 goblins
  28 rats
120 creatures vanquished.

Vanquished Creatures (others)
  A worker ant (D:3)
1 creature vanquished.

Grand Total: 121 creatures vanquished

Notes
Turn   | Place    | Note
--------------------------------------------------------------
     0 | D:1      | tyranidshit the Deep Dwarf Necromancer began the quest for the Orb.
     0 | D:1      | Reached XP level 1. HP: 15/15 MP: 3/3
   309 | D:1      | Reached XP level 2. HP: 24/24 MP: 0/5
   335 | D:1      | Reached skill level 1 in Fighting
   689 | D:2      | Reached XP level 3. HP: 25/32 MP: 0/6
   705 | D:2      | Gained mutation: You occasionally shout uncontrollably at your foes. [potion of mutation]
   705 | D:2      | Gained mutation: Your system is resistant to poisons. [potion of mutation]
   705 | D:2      | Gained mutation: Your spells are a little harder to cast, but a little more powerful. [potion of mutation]
   712 | D:2      | Learned a level 3 spell: Vampiric Draining
   851 | D:2      | Found a white marble altar of Elyvilon.
   910 | D:2      | Found a basalt altar of Yredelemnul.
  1093 | D:2      | Reached skill level 2 in Fighting
  1259 | D:2      | Reached XP level 4. HP: 21/39 MP: 0/8
  1508 | D:3      | Found a runed door.
  1508 | D:3      | Noticed a human
  1510 | D:3      | Found a basalt altar of Yredelemnul.
  1699 | D:4      | Reached skill level 3 in Fighting
  1713 | D:4      | Reached XP level 5. HP: 38/49 MP: 0/8
  2588 | D:4      | Reached XP level 6. HP: 44/57 MP: 6/10
  2619 | D:4      | Reached skill level 4 in Fighting
  2720 | D:4      | Found a staircase to the Ecumenical Temple.
  2768 | D:4      | Found a sacrificial altar of Ru.
  2770 | D:4      | Found a snail-covered altar of Cheibriados.
  2771 | D:4      | Found an ancient bone altar of Kikubaaqudgha.
  2844 | D:4      | Found an opulent altar of Gozag.
  2949 | Temple   | Entered the Ecumenical Temple
  2961 | Temple   | Became a worshipper of Makhleb the Destroyer
  3070 | D:4      | Found an opulent altar of Gozag.
  3092 | D:4      | Noticed nikopol's ghost (novice MiBe)
  3115 | D:5      | Entered Level 5 of the Dungeon
  3131 | D:5      | Reached XP level 7. HP: 17/66 MP: 0/12
  3294 | D:5      | Found Tuperuh's Antique Weapon Boutique.
  3298 | D:5      | Reached skill level 5 in Fighting
  3299 | D:5      | Noticed Blork the orc
  3331 | D:5      | Killed from afar by Blork the orc

Skill      XL: |  1  2  3  4  5  6  7 |
---------------+----------------------+-----
Spellcasting   | 2 3 4 |  4.7
Fighting       | 1 2 3 4 5 |  5.0
Dodging        | |  2.1
Stealth        | |  2.4
Necromancy     | |  4.3

Action                   |  1- 3 |  4- 6 |  7- 9 || total
-------------------------+-------+-------+-------++-------
Melee: Short sword       |    55 |    58 |       ||   113
       Unarmed           |     1 |       |       ||     1
       Flail             |       |    97 |    46 ||   143
       Hand axe          |       |    43 |       ||    43
 Cast: Pain              |    54 |    37 |     8 ||    99
       Vampiric Draining |     4 |    25 |     2 ||    31
 Abil: Device Recharging |       |     1 |       ||     1
Evoke: Wand              |     1 |     9 |     3 ||    13
  Use: Scroll            |     6 |     5 |       ||    11
       Potion            |     8 |     2 |     1 ||    11
 Stab: Sleeping          |       |     1 |       ||     1
  Eat: Bread ration      |     1 |     1 |       ||     2
       Meat ration       |       |     1 |       ||     1
Armor: Robe              |    19 |    48 |    13 ||    80
Dodge: Dodged            |    77 |   245 |    38 ||   360
